AA
FARGO-MOORHEAD REDHAWKS @ KANSAS CITY T-BONES
07/28/2072
 
TOP OF THE 1ST
Cleburne Railroaders batting - Pitching for Sioux City Explorers : RHP John Bennett
Pitching: RHP John Bennett
Batting: RHB Mike Latham 0-0: Ball
1-0: Ball
2-0: Called Strike
2-1: Ground out 6-3 (Groundball, 6S, EV 63.8 MPH)
Batting: LHB Geoff Stanton 0-0: Ball
1-0: Swinging Strike
1-1: Swinging Strike
1-2: Fly out, F9 (Flyball, 89D, EV 100.6 MPH)
Batting: LHB Nathan Tennant 0-0: Ball
1-0: Called Strike
1-1: Ground out 6-3 (Groundball, 6, EV 101.9 MPH)
Top of the 1st over - 0 runs, 0 hits, 0 errors, 0 left on base; Cleburne 0 - Sioux City 0
BOTTOM OF THE 1ST
Sioux City Explorers batting - Pitching for Cleburne Railroaders : LHP Rick Teasley
Pitching: LHP Rick Teasley
Batting: LHB Nate Powers 0-0: Called Strike
0-1: Ball
1-1: Fly out, F7 (Flyball, 78XD, EV 91.9 MPH)
Batting: RHB Brent Staffen 0-0: Ball
1-0: Fly out, F4 (Popup, 4D, EV 50.0 MPH)
Batting: RHB Pat Desormeaux 0-0: Ball
1-0: DOUBLE (Line Drive, 8LD, EV 103.1 MPH)
Batting: SHB Jose Aguilar 0-0: Swinging Strike
0-1: Ground out 4-3 (Groundball, 4, EV 76.2 MPH)
Bottom of the 1st over - 0 runs, 1 hit, 0 errors, 1 left on base; Cleburne 0 - Sioux City 0
TOP OF THE 2ND
Cleburne Railroaders batting - Pitching for Sioux City Explorers : RHP John Bennett
Batting: LHB Hyun-oo Kang 0-0: Fly out, F7 (Flyball, 78M, EV 88.8 MPH)
Batting: SHB Edgar Avellaneda 0-0: Ball
1-0: Called Strike
1-1: Ball
2-1: Called Strike
2-2: Ball
3-2: Fly out, F9 (Flyball, 9, EV 90.6 MPH)
Batting: RHB Moises Torres 0-0: Called Strike
0-1: Called Strike
0-2: Foul Ball, location: 2F
0-2: Hit by Pitch
Batting: RHB Brad Schmidt 0-0: Foul Ball, location: 2F
0-1: Ball
1-1: Called Strike
1-2: Ground out 4-3 (Groundball, 4, EV 83.1 MPH)
Top of the 2nd over - 0 runs, 0 hits, 0 errors, 1 left on base; Cleburne 0 - Sioux City 0
BOTTOM OF THE 2ND
Sioux City Explorers batting - Pitching for Cleburne Railroaders : LHP Rick Teasley
Batting: RHB Danny Mondragon 0-0: Ball
1-0: Swinging Strike
1-1: Called Strike
1-2: SINGLE (Groundball, 34D, EV 100.6 MPH)
Batting: RHB Albert Trevino 0-0: Ball
1-0: Called Strike
1-1: Fly out, F4 (Flyball, 34D, EV 80.0 MPH)
Batting: RHB Steve MacIntosh 0-0: Ball
1-0: Grounds into double play, 5-4-3 (Groundball, 56S, EV 79.4 MPH)
Bottom of the 2nd over - 0 runs, 1 hit, 0 errors, 0 left on base; Cleburne 0 - Sioux City 0
TOP OF THE 3RD
Cleburne Railroaders batting - Pitching for Sioux City Explorers : RHP John Bennett
Batting: RHB Camiel Blanker 0-0: Ball
1-0: Ball
2-0: Called Strike
2-1: Foul Ball, location: 2F
2-2: Foul Ball, location: 2F
2-2: SOLO HOME RUN (Flyball, 7D, EV 106.9 MPH), Distance : 381 ft
Batting: RHB Ryan Mayes 0-0: Called Strike
0-1: Ball
1-1: SINGLE (Line Drive, 4D, EV 97.5 MPH)
Batting: RHB Mike Latham 0-0: Called Strike
0-1: Ball
1-1: Foul Ball, location: 2F
1-2: Grounds into double play, 5-4-3 (Groundball, 56, EV 79.4 MPH)
Batting: LHB Geoff Stanton 0-0: Ball
1-0: Called Strike
1-1: SINGLE (Groundball, 34D, EV 96.2 MPH)
Batting: LHB Nathan Tennant 0-0: Ball
1-0: Called Strike
1-1: Ball
2-1: Ball
3-1: Foul Ball, location: 2F
3-2: Foul Ball, location: 2F
3-2: DOUBLE (Flyball, 8RXD, EV 100.6 MPH)
Geoff Stanton to third
Geoff Stanton scores
Batting: LHB Hyun-oo Kang 0-0: Ball
1-0: Fly out, F8 (Flyball, 78S, EV 86.2 MPH)
Top of the 3rd over - 2 runs, 4 hits, 0 errors, 1 left on base; Cleburne 2 - Sioux City 0
BOTTOM OF THE 3RD
Sioux City Explorers batting - Pitching for Cleburne Railroaders : LHP Rick Teasley
Batting: RHB Teko Neubauer 0-0: Ball
1-0: Ground out 6-3 (Groundball, 6, EV 88.1 MPH)
Batting: RHB Brady Pomerantz 0-0: Ball
1-0: SINGLE (Groundball, 34D, EV 102.5 MPH)
Batting: LHB Nate Powers 0-0: Ball
1-0: Ball
Wild Pitch!
Brady Pomerantz to second
2-0: Ball
3-0: Base on Balls
Batting: RHB Brent Staffen 0-0: Called Strike
0-1: Foul Ball, location: 2F
0-2: Ball
1-2: Ball
2-2: Grounds into double play, 6-4-3 (Groundball, 6, EV 87.5 MPH)
Bottom of the 3rd over - 0 runs, 1 hit, 0 errors, 1 left on base; Cleburne 2 - Sioux City 0
TOP OF THE 4TH
Cleburne Railroaders batting - Pitching for Sioux City Explorers : RHP John Bennett
Batting: SHB Edgar Avellaneda 0-0: SINGLE (Flyball, 4MD, EV 95.0 MPH)
Batting: RHB Moises Torres 0-0: Ball
1-0: Called Strike
1-1: Ball
2-1: Ball
3-1: Base on Balls
Edgar Avellaneda to second
Batting: RHB Brad Schmidt 0-0: Ball
1-0: Foul Ball, location: 2F
1-1: Ball
2-1: Foul Ball, location: 2F
2-2: Ball
3-2: Foul Ball, location: 2F
3-2: Foul Ball, location: 2F
3-2: Foul Ball, location: 2F
3-2: Grounds into double play, 6-4-3 (Groundball, 6M, EV 105.6 MPH)
Edgar Avellaneda to third
Batting: RHB Camiel Blanker 0-0: Ball
1-0: Fly out, F8 (Flyball, 8RS, EV 88.8 MPH)
Top of the 4th over - 0 runs, 1 hit, 0 errors, 1 left on base; Cleburne 2 - Sioux City 0
BOTTOM OF THE 4TH
Sioux City Explorers batting - Pitching for Cleburne Railroaders : LHP Rick Teasley
Batting: RHB Pat Desormeaux 0-0: DOUBLE (Flyball, 89D, EV 96.2 MPH)
Batting: SHB Jose Aguilar 0-0: Ball
1-0: Ball
2-0: Ball
3-0: Called Strike
3-1: Called Strike
3-2: Fly out, F7 (Flyball, 7, EV 86.9 MPH)
Batting: RHB Danny Mondragon 0-0: Ball
1-0: Ball
2-0: Ball
3-0: Called Strike
3-1: Foul Ball, location: 2F
3-2: Fly out, F7 (Line Drive, 7, EV 83.8 MPH)
Batting: RHB Albert Trevino 0-0: Ball
1-0: Foul Ball, location: 2F
1-1: Swinging Strike
1-2: Strikes out swinging
Bottom of the 4th over - 0 runs, 1 hit, 0 errors, 1 left on base; Cleburne 2 - Sioux City 0
TOP OF THE 5TH
Cleburne Railroaders batting - Pitching for Sioux City Explorers : RHP John Bennett
Batting: RHB Ryan Mayes 0-0: Called Strike
0-1: Called Strike
0-2: SINGLE (Line Drive, 4MD, EV 105.0 MPH)
Batting: RHB Mike Latham 0-0: Ball
1-0: Ball
2-0: Called Strike
2-1: Foul Ball, location: 2F
2-2: Ball
3-2: Foul Ball, location: 2F
3-2: Fly out, F8 (Flyball, 8LD, EV 106.9 MPH)
Batting: LHB Geoff Stanton 0-0: Ball
1-0: Fly out, F8 (Flyball, 8RXD, EV 95.6 MPH)
Batting: LHB Nathan Tennant 0-0: Ball
1-0: Ball
2-0: Fly out, F9 (Flyball, 89M, EV 92.5 MPH)
Top of the 5th over - 0 runs, 1 hit, 0 errors, 1 left on base; Cleburne 2 - Sioux City 0
BOTTOM OF THE 5TH
Sioux City Explorers batting - Pitching for Cleburne Railroaders : LHP Rick Teasley
Batting: RHB Steve MacIntosh 0-0: Ball
1-0: Called Strike
1-1: Ball
2-1: Ball
3-1: Base on Balls
Batting: RHB Teko Neubauer 0-0: Hit by Pitch
Steve MacIntosh to second
Batting: RHB Brady Pomerantz 0-0: Ball
1-0: Foul Ball, location: 2F
1-1: Ball
2-1: Foul Ball, location: 2F
2-2: Foul Ball, location: 2F
2-2: Fly out, F9 (Flyball, 9LD, EV 103.8 MPH)
Runner from 2nd tags up, SAFE at 3rd, no throw by RF
Batting: LHB Nate Powers 0-0: Called Strike
0-1: SINGLE (Groundball, 34D, EV 110.0 MPH)
Steve MacIntosh scores
Teko Neubauer to second
Runner from 2nd tries for 3rd, SAFE, throw by RF made to third
Batting: RHB Brent Staffen 0-0: Called Strike
Nate Powers steals 2nd base (no throw)
0-1: Ball
1-1: Ball
2-1: Called Strike
2-2: Foul Ball, location: 2F
2-2: Ball
3-2: Base on Balls
Batting: RHB Pat Desormeaux 0-0: Ball
1-0: Called Strike
1-1: Ball
2-1: Foul Ball, location: 2F
2-2: Grounds into fielders choice 6-2 (Groundball, 6, EV 81.9 MPH)
Nate Powers to third
Brent Staffen to second
Batting: SHB Jose Aguilar 0-0: Called Strike
0-1: Foul Ball, location: 2F
0-2: Strikes out swinging
Bottom of the 5th over - 1 run, 1 hit, 0 errors, 3 left on base; Cleburne 2 - Sioux City 1
TOP OF THE 6TH
Cleburne Railroaders batting - Pitching for Sioux City Explorers : RHP John Bennett
Batting: LHB Hyun-oo Kang 0-0: Ball
1-0: Called Strike
1-1: Swinging Strike
1-2: Ball
2-2: Strikes out swinging
Batting: SHB Edgar Avellaneda 0-0: Foul Ball, location: 2F
0-1: Ball
1-1: Fly out, F3 (Popup, 23F, EV 84.4 MPH)
Batting: RHB Moises Torres 0-0: Ball
1-0: Ground out U3 (Groundball, 3, EV 100.0 MPH)
Top of the 6th over - 0 runs, 0 hits, 0 errors, 0 left on base; Cleburne 2 - Sioux City 1
BOTTOM OF THE 6TH
Sioux City Explorers batting - Pitching for Cleburne Railroaders : LHP Rick Teasley
Batting: RHB Danny Mondragon 0-0: Ball
1-0: Ball
2-0: Ball
3-0: Called Strike
3-1: Reached on error, E8 (Flyball, 78D, EV 85.0 MPH)
Batting: RHB Albert Trevino 0-0: Ball
1-0: Foul Ball, location: 2F
1-1: Fly out, F8 (Line Drive, 8LM, EV 93.8 MPH)
Batting: RHB Steve MacIntosh 0-0: Ball
1-0: Called Strike
1-1: Foul Ball, location: 2F
1-2: Ball
2-2: Fly out, F7 (Flyball, 7LS, EV 80.6 MPH)
Pitching: RHP Victor Segarra
Batting: RHB Teko Neubauer 0-0: Ball
1-0: Ball
2-0: Called Strike
2-1: Foul Ball, location: 2F
2-2: Ball
3-2: Base on Balls
Batting: RHB Brady Pomerantz 0-0: Called Strike
0-1: Fly out, F3 (Popup, 3SF, EV 91.2 MPH)
Bottom of the 6th over - 0 runs, 0 hits, 1 error, 2 left on base; Cleburne 2 - Sioux City 1
TOP OF THE 7TH
Cleburne Railroaders batting - Pitching for Sioux City Explorers : RHP John Bennett
Batting: RHB Brad Schmidt 0-0: Called Strike
0-1: Foul Ball, location: 2F
0-2: Strikes out looking
Batting: RHB Camiel Blanker 0-0: Called Strike
0-1: Called Strike
0-2: Ground out 6-3 (Groundball, 6, EV 91.2 MPH)
Batting: RHB Ryan Mayes 0-0: Called Strike
0-1: Called Strike
0-2: Ground out 6-3 (Groundball, 6, EV 88.1 MPH)
Top of the 7th over - 0 runs, 0 hits, 0 errors, 0 left on base; Cleburne 2 - Sioux City 1
BOTTOM OF THE 7TH
Sioux City Explorers batting - Pitching for Cleburne Railroaders : RHP Victor Segarra
Batting: LHB Nate Powers 0-0: Foul Ball, location: 2F
0-1: Swinging Strike
0-2: Ball
1-2: Ball
2-2: Ball
3-2: Foul Ball, location: 2F
3-2: Foul Ball, location: 2F
3-2: Foul Ball, location: 2F
3-2: Base on Balls
Batting: RHB Brent Staffen 0-0: Ball
1-0: Called Strike
1-1: Swinging Strike
1-2: Ball
2-2: Fly out, F7 (Flyball, 78D, EV 86.2 MPH)
Batting: RHB Pat Desormeaux 0-0: Ball
1-0: Called Strike
1-1: Foul Ball, location: 2F
1-2: SINGLE (Line Drive, 8RM, EV 101.9 MPH)
Nate Powers to second
Batting: SHB Jose Aguilar 0-0: Ball
1-0: Grounds into double play, 4-6-3 (Groundball, 34D, EV 80.6 MPH)
Bottom of the 7th over - 0 runs, 1 hit, 0 errors, 1 left on base; Cleburne 2 - Sioux City 1
TOP OF THE 8TH
Cleburne Railroaders batting - Pitching for Sioux City Explorers : RHP John Bennett
Batting: RHB Mike Latham 0-0: Ball
1-0: Fly out, F8 (Flyball, 78D, EV 101.2 MPH)
Batting: LHB Geoff Stanton 0-0: Called Strike
0-1: Ball
1-1: Ball
2-1: Swinging Strike
2-2: Ball
3-2: Strikes out swinging
Batting: LHB Nathan Tennant 0-0: Called Strike
0-1: Ball
1-1: Ball
2-1: Swinging Strike
2-2: Foul Ball, location: 2F
2-2: DOUBLE (Line Drive, 3D, EV 96.2 MPH)
Batting: LHB Hyun-oo Kang 0-0: Foul Ball, location: 2F
0-1: Ground out U3 (Groundball, 34, EV 93.1 MPH)
Top of the 8th over - 0 runs, 1 hit, 0 errors, 1 left on base; Cleburne 2 - Sioux City 1
BOTTOM OF THE 8TH
Sioux City Explorers batting - Pitching for Cleburne Railroaders : RHP Victor Segarra
Batting: RHB Danny Mondragon 0-0: Ball
1-0: Ball
2-0: Ball
3-0: SINGLE (Line Drive, 89M, EV 92.5 MPH)
Pitching: RHP Arlett Mavare
Batting: RHB Albert Trevino 0-0: Ball
1-0: Called Strike
1-1: SINGLE (Line Drive, 9S, EV 111.2 MPH)
Danny Mondragon to second
Batting: RHB Steve MacIntosh 0-0: Ball
1-0: Swinging Strike
1-1: Ball
2-1: Ball
3-1: Foul Ball, location: 2F
3-2: Fly out, F7 (Flyball, 7S, EV 79.4 MPH)
Batting: RHB Teko Neubauer 0-0: Called Strike
0-1: Fly out, F8 (Flyball, 8RS, EV 83.1 MPH)
Batting: RHB Brady Pomerantz 0-0: Foul Ball, location: 2F
0-1: Ball
1-1: Ball
2-1: Ball
3-1: Called Strike
3-2: Foul Ball, location: 2F
3-2: Base on Balls
Danny Mondragon to third
Albert Trevino to second
Batting: LHB Nate Powers 0-0: Ball
1-0: Called Strike
1-1: Ball
2-1: Ground out 6-3 (Groundball, 6MS, EV 61.2 MPH)
Bottom of the 8th over - 0 runs, 2 hits, 0 errors, 3 left on base; Cleburne 2 - Sioux City 1
TOP OF THE 9TH
Cleburne Railroaders batting - Pitching for Sioux City Explorers : RHP John Bennett
Batting: SHB Edgar Avellaneda 0-0: Called Strike
0-1: Ball
1-1: Foul Ball, location: 2F
1-2: Ground out U3 (Groundball, 3L, EV 87.5 MPH)
Batting: RHB Moises Torres 0-0: Swinging Strike
0-1: Ball
1-1: Called Strike
1-2: Foul Ball, location: 2F
1-2: Foul Ball, location: 2F
1-2: Fly out, F4 (Line Drive, 4, EV 65.0 MPH)
Batting: RHB Brad Schmidt 0-0: Ball
1-0: Ball
2-0: Ball
3-0: Called Strike
3-1: Base on Balls
Pitching: RHP Billy Damon
Batting: RHB Camiel Blanker 0-0: Foul Ball, location: 2F
0-1: Swinging Strike
0-2: Fly out, F9 (Flyball, 9S, EV 79.4 MPH)
Top of the 9th over - 0 runs, 0 hits, 0 errors, 1 left on base; Cleburne 2 - Sioux City 1
BOTTOM OF THE 9TH
Sioux City Explorers batting - Pitching for Cleburne Railroaders : RHP Arlett Mavare
Pitching: RHP Jesus Sanchez
Batting: RHB Brent Staffen 0-0: Ball
1-0: Ball
2-0: Swinging Strike
2-1: Ball
3-1: Base on Balls
Batting: RHB Pat Desormeaux 0-0: Ball
1-0: Ball
2-0: Called Strike
2-1: Ball
3-1: Foul Ball, location: 2F
3-2: Foul Ball, location: 2F
3-2: Strikes out swinging
Batting: SHB Jose Aguilar 0-0: Foul Ball, location: 2F
0-1: Ball
1-1: Called Strike
1-2: Ball
2-2: Grounds into double play, 4-6-3 (Groundball, 4, EV 83.8 MPH)
Bottom of the 9th over - 0 runs, 0 hits, 0 errors, 0 left on base; Cleburne 2 - Sioux City 1
Friday, October 29th , 2021 - OOTP Baseball 22.10 Build 79